 Dungeon Crawl Stone Soup version 0.20-a0-656-g9b0dcd9 (webtiles) character file.

5040 Messajah the Markscentaur (level 10, -5/83 HPs)
             Began as a Centaur Hunter on Feb 16, 2017.
             Was a Believer of Okawaru.
             Killed from afar by Psyche (13 damage)
             ... with a puff of flame
             ... on level 9 of the Dungeon.
             The game lasted 00:49:32 (11300 turns).

Messajah the Markscentaur (Centaur Hunter)         Turns: 11300, Time: 00:49:33

Health: -5/83      AC: 12    Str: 24    XL:     10   Next: 30%
Magic:  10/10      EV:  6    Int: 10    God:    Okawaru [**....]
Gold:   554        SH:  0    Dex: 10    Spells: 9/9 levels left

rFire    . . .     SeeInvis .   a - +1 shortbow
rCold    . . .     Gourm    .   x - +2 chain mail {rPois}
rNeg     . . .     Faith    .   (shield currently unavailable)
rPois    +         Spirit   .   (no helmet)
rElec    .         Reflect  .   (no cloak)
rCorr    +         Harm     .   Q - +0 pair of gloves
MR       .....                  (no barding)
Stlth    ..........             (no amulet)
Regen    0.3/turn               M - ring of resist corrosion
MPRegen  0.2/turn               K - +6 ring of strength

@: lethally poisoned (-5 -> -7), exhausted, slowed
A: hooves 3, deformed body, speed 2, tough skin 3
a: Heroism, Renounce Religion


You were on level 9 of the Dungeon.
You worshipped Okawaru.
Okawaru was pleased with you.
You were not hungry.

You visited 2 branches of the dungeon, and saw 10 of its levels.

You collected 554 gold pieces.

Inventory:

Hand Weapons
 a - a +1 shortbow (weapon)
 b - the +7 Singing Sword
   (You found it on level 7 of the Dungeon)
 g - a cursed -2 long sword
 w - a +0 hunting sling
 I - a +1 dagger of venom
 L - a +0 trident
 O - a +0 scythe of flaming
 T - a +0 halberd
 X - a +0 spear
Missiles
 d - 120 arrows (quivered)
 n - 196 stones
 t - 9 javelins
 v - 54 poisoned needles
 z - 16 sling bullets
 P - 3 silver javelins
 Y - 5 tomahawks
Armour
 c - a +0 plate armour
 x - a +2 chain mail of poison resistance (worn)
 H - a +0 scale mail
 Q - a +0 pair of gloves (worn)
 W - a +0 plate armour
Jewellery
 l - an uncursed amulet of harm {unknown}
 K - a +6 ring of strength (left hand)
 M - a ring of resist corrosion (right hand)
Wands
 U - a wand of confusion (29/48)
 Z - a wand of enslavement (17/24)
Scrolls
 e - 8 scrolls of teleportation {unknown}
 h - 3 scrolls of blinking {unknown}
 j - 10 scrolls of remove curse
 m - 2 scrolls of magic mapping {unknown}
 y - a scroll of enchant armour {unknown}
 A - 11 scrolls of identify {unknown}
 B - 2 scrolls of fear {unknown}
 C - 2 scrolls of fog {unknown}
 E - a scroll of holy word {unknown}
 F - 3 scrolls of random uselessness {unknown}
 J - 2 scrolls of amnesia {unknown}
 N - 2 scrolls of recharging {unknown}
Potions
 i - 2 potions of agility {unknown}
 k - 3 potions of curing {unknown}
 o - 2 potions of might {unknown}
 p - a potion of resistance {unknown}
 q - 2 potions of flight {unknown}
 r - 4 potions of brilliance {unknown}
 D - 2 potions of mutation {unknown}
 G - a potion of magic {unknown}
 R - a potion of lignification {unknown}
 S - a potion of degeneration {unknown}
 V - a potion of haste {unknown}
Comestibles
 f - 7 bread rations
 s - 4 royal jellies
 u - 6 meat rations


   Skills:
 * Level 5.8 Fighting
 - Level 15.2 Bows
 - Level 6.0 Armour
 - Level 1.3 Dodging
 - Level 0.4 Stealth
 - Level 1.0 Evocations


You had 9 spell levels left.
You didn't know any spells.

Dungeon Overview and Level Annotations

Branches:
Dungeon (9/15)             Temple (1/1) D:6
   Lair: D:8-11         Orc: D:9-12

Altars:
Ashenzari
Cheibriados
Dithmenos
Elyvilon
Fedhas
Gozag
Hepliaklqana
Kikubaaqudgha
Makhleb
Nemelex Xobeh
Okawaru
Qazlal
Ru
Sif Muna
Trog
Uskayaw
Vehumet
Xom
Yredelemnul
Zin
The Shining One
Beogh

Annotations:
D:9 Psyche


Innate Abilities, Weirdness & Mutations

You have hooves in place of feet.
Armour fits poorly on your strangely shaped body.
You cover ground very quickly.
You have extremely tough skin. (AC +3)


Message History

Firing (i - inventory. (,) - cycle):
d - 120 arrows (quivered)
Press: ? - help, Shift-Dir - straight line, f - you
Okay, then.
You feel sick.
A puff of frost appears from out of thin air!
The puff of frost hits you!
* * * LOW HITPOINT WARNING * * *
A puff of frost appears from out of thin air!
The puff of frost hits you!
* * * LOW HITPOINT WARNING * * *
You feel sick.
A magic dart appears from out of thin air!
The magic dart hits you!
You feel sick.
A puff of flame appears from out of thin air!
The puff of flame hits you!
* * * LOW HITPOINT WARNING * * *
A puff of flame appears from out of thin air!
The puff of flame hits you!
You die...

.. ....# .. ..#.# ..
.######.#.# .#
.#...##(#.# # ..
.#.#.##.#.# #.# .#
......#.#(###!## .#
...#..#(........#.#####.
.......(......>.........
...#........####@.#####.
#.......................
.#......(...#.....###.#.
.#.#+#............###.
.#.....#...............
............#..#...##.#
..........#.#......#
##......#...#.###..#
+........#...........


There were no monsters in sight!

Vanquished Creatures
  Pikel (D:5)
  The ghost of Messajah the Archer, a novice CeHu of Okawaru (D:5)
  Grinder (D:5)
  A spriggan (D:8)
  Sigmund (D:5)
  Eustachio (D:5)
  Menkaure (D:6)
  Edmund (D:5)
  2 orc warriors
  3 sky beasts
  An ice beast (D:8)
  A slave (D:5)
  An eye of draining (D:8)
  2 ogres
  A centaur (D:7)
  A big kobold (D:7)
  3 bullfrogs
  7 scorpions
  5 killer bees (D:8)
  6 howler monkeys
  A quasit (D:9)
  3 crimson imps
  2 bullfrog skeletons
  3 gnoll shamans
  A jelly (D:6)
  5 orc wizards
  6 orc priests
  3 hounds
  A centaur skeleton (D:5)
  An iguana (D:5)
  5 worker ants
  A hound skeleton (D:4)
  A howler monkey zombie (D:7)
  A worker ant zombie (D:5)
  23 gnolls
  7 adders
  A shadow imp (D:9)
  2 oozes
  An adder skeleton (D:4)
  3 worms
  A dart slug (D:4)
  A leopard gecko (D:6)
  32 orcs
  2 ball pythons
  7 giant cockroaches
  11 hobgoblins
  4 jackals
  8 kobolds
  3 quokkas
  10 bats
  10 frilled lizards
  13 goblins
  2 jackal skeletons
  A quokka skeleton (D:5)
  A quokka zombie (D:8)
  4 rats
222 creatures vanquished.

Vanquished Creatures (others)
  14 fungi (D:7)
14 creatures vanquished.

Grand Total: 236 creatures vanquished

Notes
Turn   | Place    | Note
-------+----------+-------------------------------------------
     0 | D:1      | Messajah the Centaur Hunter began the quest for the Orb.
     0 | D:1      | Reached XP level 1. HP: 17/17 MP: 1/1
   271 | D:1      | Reached XP level 2. HP: 14/24 MP: 2/2
   453 | D:1      | Reached skill level 6 in Bows
  1268 | D:2      | Reached XP level 3. HP: 12/29 MP: 3/3
  1658 | D:2      | Reached skill level 7 in Bows
  1929 | D:2      | Reached XP level 4. HP: 31/36 MP: 4/4
  2143 | D:3      | Reached skill level 8 in Bows
  2880 | D:3      | Reached XP level 5. HP: 41/41 MP: 5/5
  3105 | D:3      | Reached skill level 9 in Bows
  3771 | D:4      | Reached XP level 6. HP: 48/48 MP: 6/6
  3877 | D:4      | Reached skill level 10 in Bows
  4111 | D:4      | Found a roughly hewn altar of Beogh.
  4549 | D:4      | Reached skill level 11 in Bows
  4549 | D:4      | Reached XP level 7. HP: 50/55 MP: 7/7
  4893 | D:4      | Found a hazy altar of Hepliaklqana.
  5429 | D:5      | Entered Level 5 of the Dungeon
  5654 | D:5      | Noticed Messajah's ghost (novice CeHu)
  5700 | D:5      | Killed Messajah's ghost
  5700 | D:5      | Reached skill level 13 in Bows
  5700 | D:5      | Reached XP level 8. HP: 21/61 MP: 8/8
  6019 | D:5      | Noticed Sigmund
  6039 | D:5      | Killed Sigmund
  6101 | D:5      | Found a sparkling altar of Nemelex Xobeh.
  6277 | D:5      | Noticed Grinder
  6286 | D:5      | Paralysed by Grinder for 6 turns
  6303 | D:5      | Killed Grinder
  6303 | D:5      | Reached skill level 14 in Bows
  6403 | D:5      | Noticed Pikel
  6484 | D:5      | Killed Pikel
  6484 | D:5      | Reached skill level 15 in Bows
  6484 | D:5      | Reached XP level 9. HP: 67/67 MP: 9/9
  6635 | D:5      | Reached skill level 1 in Armour
  6803 | D:5      | Noticed Eustachio
  6804 | D:5      | Noticed Edmund
  6846 | D:5      | Killed Eustachio
  6906 | D:5      | Killed Edmund
  7454 | D:6      | Noticed Menkaure
  7465 | D:6      | Killed Menkaure
  7505 | D:6      | Found a staircase to the Ecumenical Temple.
  7511 | Temple   | Entered the Ecumenical Temple
  7528 | Temple   | Became a worshipper of Warmaster Okawaru
  8044 | D:6      | Found a shimmering altar of Xom.
  8366 | D:7      | Reached skill level 5 in Armour
  8710 | D:7      | Found a shattered altar of Ashenzari.
  8858 | D:7      | Reached * piety under Okawaru
  9687 | D:8      | Found a flagged portal.
  9805 | D:8      | Reached skill level 1 in Evocations
  9807 | D:8      | Reached XP level 10. HP: 69/74 MP: 10/10
 10171 | D:8      | Reached ** piety under Okawaru
 10666 | D:8      | Reached skill level 5 in Fighting
 11242 | D:9      | Noticed Psyche
 11258 | D:9      | Paralysed by Psyche for 5 turns
 11300 | D:9      | Killed from afar by Psyche

Vault maps used:
D:1:      dpeg_arrival_lava_temple_mockup, kennysheep_boxes
D:4:      kennysheep_big_flooded_room, overflow_temple_1_default, first_bread,
          kennysheep_orc_chapel
D:5:      lemuel_crystal_altar, uniq_eustachio, uniq_pikel, uniq_edmund,
          uniq_sigmund, uniq_grinder
D:6:      kennysheep_little_box, minmay_temple_entry_fiery, uniq_menkaure
D:7:      old_forge, ashenzari_altar_1
D:8:      lightli_bailey_entry_fortress, serial_aquarium,
          aquarium_bridge_long_joined, aquarium_window_corridor_3,
          aquarium_window_2, aquarium_window_fake, aquarium_window_fake,
          aquarium_view_2d, aquarium_view_2c, nicolae_wwwww, the_bakery
D:9:      uniq_psyche, uniq_prince_ribbit1
Temple:   eino_narrow_crystal_temple

Skill      XL: |  1  2  3  4  5  6  7  8  9 10 |
---------------+-------------------------------+-----
Bows           | 6 7 8 9 11 13 15 | 15.2
Armour         | 6 |  6.0
Evocations     | 1 |  1.0
Fighting       | 5 |  5.8
Dodging        | |  1.3
Stealth        | |  0.4

Action                   |  1- 3 |  4- 6 |  7- 9 | 10-12 || total
-------------------------+-------+-------+-------+-------++-------
Melee: Short sword       |    94 |    65 |       |       ||   159
       Kick              |    11 |    18 |     9 |     1 ||    39
       Spear             |       |    27 |    38 |       ||    65
       Double sword      |       |       |       |     3 ||     3
 Fire: Shortbow          |    34 |   153 |   494 |   173 ||   854
Throw: Javelin           |       |     3 |       |       ||     3
Invok: Heroism           |       |       |       |     1 ||     1
  Use: Scroll            |       |       |     1 |       ||     1
  Eat: Chunk             |     2 |     5 |     9 |     3 ||    19
       Fruit             |       |     2 |     4 |       ||     6
Armor: Leather armour    |    42 |     1 |       |       ||    43
       Chain mail        |       |    84 |   133 |    64 ||   281
Dodge: Dodged            |    67 |    35 |    52 |     9 ||   163
